 Dungeon Crawl Stone Soup version 0.18.1-6-gd335043 (webtiles) character file.

501 manyhoops the Skirmisher (level 6, 0/51 HPs)
             Began as a Demonspawn Fighter on May 18, 2016.
             Was an Initiate of Qazlal.
             Killed by divine providence
             ... invoked by an orc priest
              (13 damage)
             ... on level 4 of the Dungeon.
             The game lasted 00:05:39 (2815 turns).

manyhoops the Skirmisher (Demonspawn Fighter)       Turns: 2815, Time: 00:05:43

Health: 0/51       AC: 10    Str: 19    XL:     6   Next: 95%
Magic:  7/7        EV: 10    Int:  9    God:    Qazlal [......]
Gold:   87         SH:  0    Dex: 12    Spells: 0 memorised, 5 levels left

rFire  . . .     SeeInvis .     a - +1 war axe
rCold  . . .     Gourm    .     b - +0 scale mail
rNeg   . . .     Faith    .     (no shield)
rPois  .         Spirit   .     (helmet restricted)
rElec  .         Dismiss  .     i - +0 cloak
rCorr  .         Reflect  .     (no gloves)
SustAt +         Harm     .     (no boots)
MR     .....                    e - amulet of rage
Stlth  ..........               r - +1 ring of evasion
                                l - ring of sustain attributes

@: not resistant to hostile enchantments, extremely unstealthy
A: antennae 1, slimy green scales 1, spiny 1
a: Renounce Religion, Evoke Berserk Rage


You were on level 4 of the Dungeon.
You worshipped Qazlal.
Qazlal was noncommittal.
You were not hungry.

You visited 1 branch of the dungeon, and saw 4 of its levels.
You also visited: Sewer.

You collected 87 gold pieces.

Inventory:

Hand Weapons
 a - a +1 war axe (weapon)
Armour
 b - a +0 scale mail (worn)
 i - a +0 cloak (worn)
 p - the +1 scale mail of the Morning Star {rElec MR- rCorr}
   (You found it in a sewer)

   It insulates you from electricity.
   It affects your resistance to hostile enchantments.
   It protects you from acid and corrosion.
Jewellery
 e - an amulet of rage (around neck)
 l - a ring of sustain attributes (left hand)
 r - a +1 ring of evasion (right hand)
Scrolls
 c - a scroll of teleportation
 h - a scroll of fear {unknown}
 j - 3 scrolls of identify
 k - 2 scrolls of immolation
 s - a scroll of recharging {unknown}
 t - a scroll of magic mapping {unknown}
Potions
 d - 5 potions of might
 g - 5 potions of heal wounds {unknown}
 n - 2 potions of flight {unknown}
 o - 3 potions of brilliance {unknown}
 q - a potion of curing {unknown}
Comestibles
 f - a bread ration
 m - 9 fruits
 u - 2 chunks of flesh


   Skills:
 + Level 5.1 Fighting
 + Level 3.9 Axes
 + Level 4.6 Armour
   Level 2.6 Shields
 * Level 1.8 Invocations


You had 5 spell levels left.
You didn't know any spells.

Dungeon Overview and Level Annotations

Branches:
Dungeon (4/15)
 Temple: D:4-7

Altars:
Okawaru
Pakellas
Qazlal
The Shining One

Annotations:
D:2 Sigmund


Innate Abilities, Weirdness & Mutations

You have a pair of small antennae on your head.
You are partially covered in slimy green scales (AC +2).
You are partially covered in sharp spines.


Message History

The orc priest is heavily wounded.
The orc priest hits you but does no damage.
Unknown command.
You closely miss the orc priest.
The orc priest is heavily wounded.
The orc priest invokes the aid of Beogh against you.
Beogh smites you!
You hit the orc priest but do no damage.
The orc priest is heavily wounded.
The orc priest is struck by your spines.
The orc priest hits you but does no damage.
Unknown command.
You barely miss the orc priest.
The orc priest is heavily wounded.
The orc priest invokes the aid of Beogh against you.
Beogh smites you!
* * * LOW HITPOINT WARNING * * *
The orc priest invokes the aid of Beogh against you.
Beogh smites you!
You die...

.. #.# ##### #.#
......... #....#<#
#.)..#.#
#....[†#######
#............###
#....o@#####...#####
#....))# ###.....##
#####..# #####..#
#..# ##.### #...
#..## ##.. ##.## #..
#... #.## #### #


You could see an orc priest.

Vanquished Creatures
  The ghost of manyhoops the Chopper, an amateur DsGl (D:3)
  An orc priest (D:3)
  Jessica (D:2)
  2 worker ants (D:4)
  10 adders
  4 gnolls (D:3)
  3 river rats (Sewer)
  A shadow imp (D:3)
  4 worms
  A dart slug (D:3)
  3 giant geckos
  11 orcs
  4 bats
  7 giant cockroaches
  8 goblins
  9 hobgoblins
  4 jackals
  30 kobolds
  6 ball pythons
  4 giant newts
  26 rats
140 creatures vanquished.

Vanquished Creatures (others)
  A boulder beetle (D:3)
  A bush (D:3)
2 creatures vanquished.

Grand Total: 142 creatures vanquished

Notes
Turn   | Place    | Note
--------------------------------------------------------------
     0 | D:1      | manyhoops the Demonspawn Fighter began the quest for the Orb.
     0 | D:1      | Reached XP level 1. HP: 18/18 MP: 1/1
    64 | D:1      | Gained mutation: You are partially covered in sharp spines. [demonic ancestry]
    64 | D:1      | Reached XP level 2. HP: 19/24 MP: 2/2
   560 | D:1      | Reached XP level 3. HP: 30/30 MP: 3/3
   583 | D:2      | Found a faded altar to an unknown god.
   584 | D:2      | Found an iron altar of Okawaru.
   591 | D:2      | Noticed Sigmund
   610 | D:2      | Reached skill level 4 in Fighting
   749 | D:2      | Noticed Jessica
   752 | D:2      | Killed Jessica
   752 | D:2      | Gained mutation: You have a pair of small antennae on your head. [demonic ancestry]
   752 | D:2      | Reached XP level 4. HP: 36/37 MP: 4/4
  1073 | D:3      | Found a glowing drain.
  1086 | D:3      | Reached XP level 5. HP: 36/43 MP: 5/5
  1097 | Sewer    | Entered a sewer
  1461 | Sewer    | Got a bronze scale mail
  1472 | Sewer    | Identified the +1 scale mail of the Morning Star {rElec MR- rCorr} (You found it in a sewer)
  1949 | D:3      | Found a glowing golden altar of the Shining One.
  1963 | D:3      | Gained mutation: You are partially covered in slimy green scales (AC +2). [demonic ancestry]
  1963 | D:3      | Reached XP level 6. HP: 4/50 MP: 6/6
  2127 | D:3      | Noticed manyhoops's ghost (amateur DsGl)
  2262 | D:3      | Killed manyhoops's ghost
  2262 | D:3      | Reached skill level 5 in Fighting
  2332 | D:3      | Found an oddly glowing altar of Pakellas.
  2333 | D:3      | Noticed a boulder beetle
  2343 | D:3      | Killed a boulder beetle
  2387 | D:3      | Noticed a water elemental
  2389 | D:3      | Found a stormy altar of Qazlal.
  2398 | D:3      | Noticed an air elemental
  2398 | D:3      | Noticed a fire elemental
  2403 | D:3      | Became a worshipper of Qazlal Stormbringer
  2677 | D:3      | Reached skill level 1 in Invocations
  2815 | D:4      | Killed from afar by an orc priest

Skill      XL: |  1  2  3  4  5  6 |
---------------+-------------------+-----
Axes           | 2 3 |  3.9
Armour         | 3 4 |  4.6
Fighting       | 4 5 |  5.1
Invocations    | 1 |  1.8
Shields        | |  2.6

Action                   |  1- 3 |  4- 6 || total
-------------------------+-------+-------++-------
Melee: War axe           |    55 |   132 ||   187
  Use: Scroll            |     2 |     2 ||     4
       Potion            |       |     1 ||     1
  Eat: Chunk             |       |     6 ||     6
Armor: Scale mail        |    21 |    47 ||    68
Dodge: Dodged            |    39 |    60 ||    99
